 Dungeon Crawl Stone Soup version 0.19.4-9-g45fd643 (webtiles) character file.

319 doot the Grave Robber (level 6, 0/42 HPs)
             Began as a Vampire Necromancer on Feb 15, 2017.
             Slain by a centaur (1 damage)
             ... on level 5 of the Dungeon.
             The game lasted 00:18:45 (4777 turns).

doot the Grave Robber (Vampire Necromancer)         Turns: 4777, Time: 00:18:47

Health: 0/42       AC:  4    Str:  7    XL:     6   Next: 21%
Magic:  6/10       EV: 11    Int: 19    God:
Gold:   228        SH:  3    Dex: 15    Spells: 4 memorised, 2 levels left

rFire  . . .     SeeInvis +     A - +3 flail (crush)
rCold  + . .     Gourm    .     c - +0 leather armour
rNeg   + + .     Faith    .     r - +0 buckler
rPois  +         Spirit   .     (no helmet)
rElec  .         Reflect  .     z - +0 cloak
rCorr  .         Harm     .     (no gloves)
MR     .....                    (no boots)
Stlth  +++.......               (no amulet)
                                h - ring of wizardry
                                o - ring of wizardry

@: regenerating slowly
A: fangs 3, see invisible, unbreathing
a: Bat Form


You were on level 5 of the Dungeon.
You were near bloodless.

You visited 1 branch of the dungeon, and saw 5 of its levels.

You collected 228 gold pieces.

Inventory:

Hand Weapons
 d - a cursed -1 whip
 g - a +0 dagger
 j - a +0 short sword
 q - a +2 dagger of protection
 t - a +1 short sword of venom
 A - a +3 flail of crushing (weapon)
Armour
 a - a +0 robe
 c - a +0 leather armour (worn)
 r - a +0 buckler (worn)
 v - a cursed +0 leather armour
 z - a +0 cloak (worn)
Jewellery
 h - a ring of wizardry (right hand)
 o - a ring of wizardry (left hand)
Wands
 y - a wand of iceblast (9/15)
Scrolls
 e - a scroll of identify
 f - a scroll of remove curse
 i - a scroll of magic mapping {unknown}
 k - a scroll of fog {unknown}
 l - a scroll of amnesia
 n - a scroll of immolation {unknown}
 u - a scroll of enchant weapon {unknown}
 w - 2 scrolls of teleportation {unknown}
Potions
 m - a potion of flight {unknown}
 p - 2 potions of curing {unknown}
 s - a potion of cancellation {unknown}
 x - a potion of magic {unknown}
 B - a potion of mutation {unknown}
Books
 b - a book of Necromancy

   Spells                             Type                      Level
   a - Pain                           Necromancy                   1
   b - Animate Skeleton               Necromancy                   1
   c - Vampiric Draining              Necromancy                   3
   d - Regeneration                   Charms/Necromancy            3
   e - Animate Dead                   Necromancy                   4
   f - Control Undead                 Necromancy                   4


   Skills:
 + Level 0.8 Fighting
 + Level 1.2 Short Blades
 + Level 1.0 Armour
 + Level 2.3 Dodging
 + Level 4.0 Stealth
 + Level 3.0 Spellcasting
 * Level 6.8 Necromancy


You had 2 spell levels left.
You knew the following spells:

 Your Spells              Type           Power        Failure   Level  Hunger
a - Pain                  Necr           ####         1%          1    None
b - Animate Skeleton      Necr           N/A          1%          1    None
c - Regeneration          Chrm/Necr      ###.......   9%          3    ###....
d - Animate Dead          Necr           N/A          7%          4    ####...


Dungeon Overview and Level Annotations

Branches:
Dungeon (5/15)
 Temple: D:4-7

Altars:
Okawaru
Trog

Annotations:
D:4 Dowan, Duvessa


Innate Abilities, Weirdness & Mutations

You heal slowly.
You have razor-sharp teeth.
You have supernaturally acute eyesight. (SInv)
You can survive without breathing.


Message History

B - a sedimented emerald potion A centaur comes into view.
The centaur shouts!
The centaur wields a shortbow.
The centaur shoots an arrow.
The arrow hits you!
The centaur shoots an arrow.
The arrow hits you!
Casting: Regeneration
Confirm with . or Enter, or press ? or * to list all spells.
You call on the dead to rise...
Nothing appears to happen.
The centaur unwields an uncursed shortbow.
The centaur hits you.
You hit the centaur but do no damage. The centaur closely misses you.
The centaur completely misses you.
You hit the centaur.
The centaur is moderately wounded.
The centaur hits you.
* * * LOW HITPOINT WARNING * * *
The centaur hits you.
* * * LOW HITPOINT WARNING * * *
The centaur hits you.
You die...

#................#
#...............##
#...<............#
#...............##
##..............#
##............##
#............##
##...........[.#
#....@..!..####
##..c.....##
#.........#
....####...## ..#
##### .


You could see a centaur.

Vanquished Creatures
  Edmund (D:4)
  2 orc wizards (D:4)
  A hound skeleton (D:4)
  4 adders
  An adder skeleton (D:4)
  2 worms
  2 dart slugs (D:1)
  4 leopard geckos
  2 orcs (D:3)
  6 bats
  7 giant cockroaches
  5 goblins
  7 hobgoblins
  6 jackals
  7 kobolds
  3 quokkas
  5 frilled lizards
  2 leopard gecko skeletons (D:4)
  9 rats
76 creatures vanquished.

Vanquished Creatures (collateral kills)
  An adder (D:4)
  A worm (D:2)
  A leopard gecko (D:4)
  A bat (D:3)
  A quokka (D:3)
  A kobold (D:3)
  4 rats
10 creatures vanquished.

Grand Total: 86 creatures vanquished

Notes
Turn   | Place    | Note
-------+----------+-------------------------------------------
     0 | D:1      | doot the Vampire Necromancer began the quest for the Orb.
     0 | D:1      | Reached XP level 1. HP: 13/13 MP: 3/3
   528 | D:1      | Learned a level 1 spell: Animate Skeleton
   529 | D:1      | Reached XP level 2. HP: 19/19 MP: 3/5
   636 | D:1      | Reached skill level 5 in Necromancy
   961 | D:1      | Reached XP level 3. HP: 14/24 MP: 1/6
  1302 | D:1      | Learned a level 3 spell: Regeneration
  1574 | D:2      | Found a faded altar of an unknown god.
  1589 | D:2      | Found an iron altar of Okawaru.
  2174 | D:2      | Reached XP level 4. HP: 29/31 MP: 4/7
  2933 | D:3      | Reached skill level 1 in Short Blades
  2970 | D:3      | Noticed a moth of wrath
  2973 | D:3      | Found a bloodstained altar of Trog.
  3515 | D:4      | Reached skill level 6 in Necromancy
  3570 | D:4      | Reached XP level 5. HP: 35/36 MP: 4/8
  3580 | D:4      | Learned a level 4 spell: Animate Dead
  3608 | D:4      | Noticed Edmund
  3633 | D:4      | Noticed Duvessa
  3635 | D:4      | Noticed Dowan
  3829 | D:4      | Killed Edmund
  3829 | D:4      | Reached skill level 1 in Armour
  4509 | D:4      | Reached XP level 6. HP: 40/42 MP: 10/10
  4565 | D:5      | Entered Level 5 of the Dungeon
  4777 | D:5      | HP: 1/42 [centaur (6)]
  4777 | D:5      | Slain by a centaur

Skill      XL: |  1  2  3  4  5  6 |
---------------+-------------------+-----
Necromancy     | 5 6 |  6.8
Short Blades   | 1 |  1.2
Armour         | 1 |  1.0
Spellcasting   | 3 |  3.0
Stealth        | 4 |  4.0
Fighting       | |  0.8
Dodging        | |  2.3

Action                   |  1- 3 |  4- 6 || total
-------------------------+-------+-------++-------
Melee: Unarmed           |    13 |       ||    13
       Dagger            |    20 |    62 ||    82
       Bite              |     3 |     9 ||    12
       Short sword       |    36 |    31 ||    67
       Flail             |       |    24 ||    24
 Cast: Pain              |    54 |    19 ||    73
       Animate Skeleton  |    13 |    10 ||    23
       Regeneration      |     1 |     4 ||     5
       Animate Dead      |       |     3 ||     3
 Abil: End Transformatio |       |     1 ||     1
       Bat Form          |       |     1 ||     1
  Use: Scroll            |       |     3 ||     3
 Stab: Sleeping          |     6 |     6 ||    12
  Eat: Corpse            |     4 |     6 ||    10
Armor: Robe              |    17 |       ||    17
       Leather armour    |       |    36 ||    36
       Chain mail        |       |     2 ||     2
Dodge: Dodged            |    46 |    70 ||   116
Block: Buckler           |       |    21 ||    21
